 Dungeon Crawl Stone Soup version 0.21-a0-79-g04744e2 (webtiles) character file.

115 xgamer67 the Insei (level 5, 31/37 HPs)
             Began as a Merfolk Transmuter on June 22, 2017.
             Was an Initiate of Zin.
             Quit the game on level 2 of the Dungeon.
             The game lasted 00:05:42 (2420 turns).

xgamer67 the Insei (Merfolk Transmuter)             Turns: 2420, Time: 00:05:43

Health: 31/37      AC:  3    Str: 10    XL:     5   Next: 0%
Magic:  8/8        EV: 13    Int: 13    God:    Zin [......]
Gold:   30         SH:  4    Dex: 15    Spells: 5/8 levels left

rFire    . . .     SeeInvis .     - Unarmed
rCold    . . .     Gourm    .   l - +0 buckler
rNeg     . . .     Faith    .   b - +0 robe
rPois    .         Spirit   .   (no helmet)
rElec    .         Reflect  .   (no cloak)
rCorr    .         Harm     .   (no gloves)
MR       .....                  h - +0 pair of boots
Stlth    +.........             (no amulet)
HPRegen  0.12/turn              (no ring)
MPRegen  0.11/turn              (no ring)

@: no status effects
A: change form in water, swift swim, stealthy swim
a: Donate Gold, Renounce Religion


You were on level 2 of the Dungeon.
You worshipped Zin.
Zin was noncommittal.
You were not hungry.

You visited 1 branch of the dungeon, and saw 2 of its levels.

You collected 33 gold pieces.
You donated 3 gold pieces to Zin.

Inventory:

Hand Weapons
 k - a +0 hunting sling of velocity
Missiles
 a - 29 arrows
 e - 16 stones (quivered)
 m - 22 sling bullets
Armour
 b - a +0 robe (worn)
 h - a +0 pair of boots (worn)
 l - a +0 buckler (worn)
Scrolls
 o - 2 scrolls of remove curse {unknown}
Potions
 f - 2 potions of flight
 g - 2 potions of might
 i - 2 potions of curing
 n - a potion of invisibility {unknown}
Books
 c - a book of Changes

   Spells                             Type                      Level
   a - Beastly Appendage              Transmutation                1
   b - Sticks to Snakes               Transmutation                2
   c - Spider Form                    Transmutation/Poison         3
   d - Ice Form                       Ice/Transmutation            4
   e - Blade Hands                    Transmutation                5
Comestibles
 d - 3 bread rations
 j - 2 meat rations


   Skills:
 - Level 1.1 Fighting
 - Level 2.6 Dodging
 + Level 2.1 Shields
 + Level 5.4 Unarmed Combat
 - Level 2.0 Spellcasting
 - Level 2.6 Transmutations


You had 5 spell levels left.
You knew the following spells:

 Your Spells              Type           Power        Failure   Level  Hunger
a - Beastly Appendage     Tmut           #.....       11%         1    ##.....
d - Sticks to Snakes      Tmut           #.......     16%         2    ###....


Dungeon Overview and Level Annotations

Branches:
Dungeon (2/15)

Altars:
Zin


Message History

The goblin is severely wounded.
The goblin hits you with a dagger.
You hit the goblin.
You kill the goblin!
Your Shields skill increases to level 2!
You hit the adder.
The adder is moderately wounded.
You block the adder's attack.
You closely miss the adder.
The adder is moderately wounded.
The adder misses you.
You hit the adder.
The adder is almost dead.
The adder bites you.
You hit the adder.
You kill the adder!
You have reached level 5!
You feel agile.
Okay, then.
Are you sure you want to abandon this character and quit the game? (Confirm with "yes".)

#..†....#..
. #..>....#
#.......#
#.......#
#.##.......#
#.......####
#.#####.#
###.#.#
#.@###..
#.#.# ###
......)†##.#
......... .#
....###### #
###


There were no monsters in sight!

Vanquished Creatures
  3 gnolls (D:2)
  3 adders (D:2)
  2 worms (D:2)
  A dart slug (D:2)
  5 giant cockroaches
  8 goblins
  4 hobgoblins
  7 jackals (D:2)
  3 kobolds
  3 quokkas (D:2)
  7 bats
  2 frilled lizards (D:2)
  3 rats
51 creatures vanquished.

Notes
Turn   | Place    | Note
-------+----------+-------------------------------------------
     0 | D:1      | xgamer67 the Merfolk Transmuter began the quest for the Orb.
     0 | D:1      | Reached XP level 1. HP: 15/15 MP: 3/3
   405 | D:1      | Reached XP level 2. HP: 19/21 MP: 5/5
   471 | D:1      | Reached skill level 4 in Unarmed Combat
  1174 | D:1      | Learned a level 2 spell: Sticks to Snakes
  1271 | D:2      | Reached XP level 3. HP: 24/26 MP: 4/6
  1500 | D:2      | Reached skill level 1 in Shields
  1862 | D:2      | Reached skill level 5 in Unarmed Combat
  1956 | D:2      | Found a glowing silver altar of Zin.
  1966 | D:2      | Reached XP level 4. HP: 32/32 MP: 5/7
  2233 | D:2      | Became a worshipper of Zin the Law-Giver
  2418 | D:2      | Reached XP level 5. HP: 31/37 MP: 8/8
  2420 | D:2      | Quit the game

Vault maps used:
D:1:      saegor_arrival_simple_e, supply_closet_lemuel, grunt_decor_fettered
D:2:      nicolae_overflow_crystal_walls

Skill      XL: |  1  2  3  4 |
---------------+-------------+-----
Unarmed Combat | 4 5 |  5.4
Shields        | 1 2 |  2.1
Fighting       | |  1.1
Dodging        | |  2.6
Spellcasting   | |  2.0
Transmutations | |  2.6

Action                   |  1- 3 |  4- 6 || total
-------------------------+-------+-------++-------
Melee: Unarmed           |   165 |    43 ||   208
       Headbutt          |     1 |     2 ||     3
 Cast: Beastly Appendage |     2 |     1 ||     3
       Sticks to Snakes  |       |     3 ||     3
  Use: Scroll            |     4 |       ||     4
 Stab: Sleeping          |     1 |       ||     1
  Eat: Chunk             |     3 |     2 ||     5
Armor: Robe              |    31 |     2 ||    33
Dodge: Dodged            |   133 |    19 ||   152
Block: Buckler           |    17 |     7 ||    24
